 Dungeon Crawl Stone Soup version 0.21.1 (webtiles) character file.

1634 bartorex the Basher (level 8, 0/53 HPs)
             Began as a Gargoyle Berserker on Feb 2, 2018.
             Was a Priest of Trog.
             Killed by divine providence
             ... invoked by an orc priest
              (8 damage)
             ... on level 7 of the Dungeon.
             The game lasted 00:23:21 (4972 turns).

bartorex the Basher (Gargoyle Berserker)            Turns: 4972, Time: 00:23:21

Health: 0/53       AC: 13    Str: 22    XL:     8   Next: 98%
Magic:  8/8        EV: 11    Int:  8    God:    Trog [***...]
Gold:   420        SH:  0    Dex: 10    Spells: 7/7 levels left

rFire    . . .     SeeInvis .   a - +1 mace (flame)
rCold    . . .     Gourm    .   (no shield)
rNeg     + . .     Faith    .   p - +1 ring mail
rPois    ∞         Spirit   .   r - +0 helmet
rElec    +         Reflect  .   (no cloak)
rCorr    +         Harm     .   (no gloves)
MR       .....                  (no boots)
Stlth    +.........             q - amulet of magic regeneration
HPRegen  0.17/turn              t - ring of stealth
MPRegen  0.36/turn              u - ring of resist corrosion

@: no status effects
A: negative energy resistance 1, electricity resistance, unbreathing,
petrification resistance, rot immunity, AC +5
a: Berserk, Trog's Hand, Burn Spellbooks, Renounce Religion


You were on level 7 of the Dungeon.
You worshipped Trog.
Trog was most pleased with you.
You were not hungry.

You visited 1 branch of the dungeon, and saw 7 of its levels.
You also visited: Ossuary.

You collected 420 gold pieces.

Inventory:

Hand Weapons
 a - a +1 mace of flaming (weapon)
Armour
 b - a +0 animal skin
 g - a +0 chain mail
 h - a +0 leather armour of fire resistance
 m - a +0 shield
 p - a +1 ring mail (worn)
 r - a +0 helmet (worn)
Jewellery
 q - an amulet of magic regeneration (around neck)
 t - a ring of stealth (left hand)
 u - a ring of resist corrosion (right hand)
Scrolls
 d - a scroll of enchant weapon
 e - 2 scrolls of enchant armour
 l - a scroll of magic mapping
 s - 3 scrolls of blinking
 E - 4 scrolls of teleportation
Potions
 f - 4 potions of haste
 i - 4 potions of curing
 j - a potion of flight {unknown}
 k - 2 potions of ambrosia
 n - a potion of agility {unknown}
 o - a potion of degeneration {unknown}
 v - 2 potions of resistance
 x - a potion of brilliance {unknown}
 z - 2 potions of might
 B - a potion of magic {unknown}
 D - 2 potions of heal wounds {unknown}
Comestibles
 c - 9 rations


   Skills:
 + Level 7.5 Fighting
 - Level 9.0 Maces & Flails
 - Level 4.2 Armour
 - Level 1.5 Dodging


You had 7 spell levels left.
You didn't know any spells.

Dungeon Overview and Level Annotations

Branches:
Dungeon (7/15)             Temple (0/1) D:4

Altars:
Okawaru
Yredelemnul


Innate Abilities, Weirdness & Mutations

You are resistant to torment.
Your stone body is resilient. (AC +5)
You are immune to poison.
You resist negative energy. (rN+)
You are resistant to electric shocks. (rElec)
You can survive without breathing.
You are immune to petrification.
You are immune to rotting.


Message History

You completely miss the orc priest.
The orc priest is moderately wounded.
The orc priest barely misses you.
You barely miss the orc priest.
The orc priest is moderately wounded.
The orc priest hits you but does no damage.
You hit the orc priest. You burn the orc priest.
The orc priest is severely wounded.
You barely miss the orc priest.
The orc priest is severely wounded.
The orc priest hits you but does no damage.
You barely miss the orc priest.
The orc priest is severely wounded.
The orc priest hits you but does no damage.
The phantom blinks!
You barely miss the orc priest.
The orc priest is severely wounded.
The orc priest mumbles some strange prayers to Beogh against you.
Beogh smites you!
You die...

##.#####..####.#####
#.# ....##./...
#.### ......##..##
#.o.####.#......<..
###....#.##.###....
####...##....)###
#####.......####
#.o§o.....#.#
#######9##..##.##.#
?>....).##.###.##..
........##?# #.###..
.............#.# ##.
.......$..##...# ..
.......#### #.. .#
.....=. #. .......
.......


You could see an orc priest and an orc.

Vanquished Creatures
  A human (D:4)
  Duvessa (D:4)
  An ogre (D:5)
  An elf zombie (Ossuary)
  2 bullfrogs (D:6)
  Dowan (D:4)
  A scorpion (D:5)
  A water moccasin skeleton (D:5)
  2 howler monkeys (D:4)
  A crimson imp (D:5)
  A jelly (D:5)
  3 human zombies
  4 orc wizards
  2 orc priests
  A centaur skeleton (D:6)
  Natasha (thrice) (D:2)
  3 worker ants
  A big kobold zombie (Ossuary)
  2 hound zombies (Ossuary)
  4 mummies (Ossuary)
  Robin (D:3)
  5 gnolls
  9 adders
  3 oozes
  An adder zombie (Ossuary)
  3 worms
  4 dart slugs
  7 leopard geckos
  7 orcs
  A ball python (D:1)
  2 giant cockroaches
  A gnoll zombie (Ossuary)
  18 goblins
  16 hobgoblins
  6 jackals (D:1)
  4 quokkas
  7 bats
  4 frilled lizards
  A goblin zombie (Ossuary)
  5 kobolds
  A kobold skeleton (D:4)
  A kobold zombie (Ossuary)
  A leopard gecko skeleton (D:4)
  A quokka skeleton (D:6)
  6 rats
  2 rat zombies (Ossuary)
153 creatures vanquished.

Notes
Turn   | Place    | Note
-------+----------+-------------------------------------------
     0 | D:1      | bartorex the Gargoyle Berserker began the quest for the Orb.
     0 | D:1      | Reached XP level 1. HP: 14/14 MP: 1/1
   162 | D:1      | Reached XP level 2. HP: 19/19 MP: 2/2
   365 | D:1      | Reached skill level 4 in Maces & Flails
   384 | D:1      | Reached XP level 3. HP: 22/23 MP: 3/3
   532 | D:1      | Reached ** piety under Trog
   785 | D:1      | HP: 1/23 [leopard gecko (2)]
   849 | D:2      | Reached XP level 4. HP: 26/28 MP: 4/4
   931 | D:2      | Noticed Natasha
   943 | D:2      | Killed Natasha
   943 | D:2      | Reached skill level 5 in Maces & Flails
   995 | D:2      | Noticed Natasha
  1027 | D:2      | Killed Natasha
  1027 | D:2      | Reached XP level 5. HP: 22/32 MP: 5/5
  1058 | D:2      | Noticed Natasha
  1184 | D:2      | Killed Natasha
  1209 | D:2      | Reached skill level 6 in Maces & Flails
  1535 | D:3      | Found a basalt altar of Yredelemnul.
  1774 | D:3      | Noticed Robin
  1778 | D:3      | Reached XP level 6. HP: 37/37 MP: 6/6
  1808 | D:3      | Killed Robin
  1811 | D:3      | Reached skill level 7 in Maces & Flails
  2136 | D:3      | Found a faded altar of an unknown god.
  2569 | D:4      | Found a staircase to the Ecumenical Temple.
  2670 | D:4      | Noticed Dowan
  2671 | D:4      | Noticed Duvessa
  2684 | D:4      | Killed Dowan
  2684 | D:4      | Reached XP level 7. HP: 24/41 MP: 7/7
  2696 | D:4      | Killed Duvessa
  2696 | D:4      | Reached skill level 8 in Maces & Flails
  2806 | D:4      | Found a runed door.
  2806 | D:4      | Noticed a human
  2817 | D:4      | Found a basalt altar of Yredelemnul.
  2839 | D:4      | Reached *** piety under Trog
  2880 | D:4      | Killed a human
  2880 | D:4      | Reached skill level 9 in Maces & Flails
  2898 | D:5      | Entered Level 5 of the Dungeon
  3056 | D:5      | Reached XP level 8. HP: 10/46 MP: 8/8
  4155 | D:6      | Reached skill level 5 in Fighting
  4316 | D:6      | Found a sand-covered staircase.
  4373 | D:6      | Found an iron altar of Okawaru.
  4405 | Ossuary  | Entered an ossuary
  4972 | D:7      | Killed from afar by an orc priest

Skill      XL: |  1  2  3  4  5  6  7  8 |
---------------+-------------------------+-----
Maces & Flails | 4 5 6 7 9 |  9.0
Armour         | 3 4 |  4.2
Fighting       | 7 |  7.5
Dodging        | |  1.5

Action                   |  1- 3 |  4- 6 |  7- 9 || total
-------------------------+-------+-------+-------++-------
Melee: Mace              |   102 |   265 |   308 ||   675
Invok: Trog's Hand       |     1 |     5 |     6 ||    12
       Berserk           |       |     2 |     2 ||     4
       Burn Spellbooks   |       |     1 |       ||     1
  Use: Scroll            |       |     8 |    10 ||    18
 Stab: Sleeping          |     1 |       |       ||     1
  Eat: Chunk             |       |    11 |    10 ||    21
       Ration            |       |       |     1 ||     1
Armor: Animal skin       |     9 |       |       ||     9
       Leather armour    |    33 |    46 |       ||    79
       Ring mail         |       |    76 |   205 ||   281
Dodge: Dodged            |    86 |   159 |   234 ||   479
